 Dungeon Crawl Stone Soup version 0.31-a0-925-g0a390f2509 (webtiles) character file.

Game seed: 18042572598941416057

15856 browni3141 the Carver (level 11, -7/97 HPs)
             Began as a Demigod Gladiator on Oct 18, 2023.
             Killed from afar by a war gargoyle (28 damage)
             ... with a spray of metal splinters
             ... on level 12 of the Dungeon.
             The game lasted 00:24:14 (13326 turns).

browni3141 the Carver (Demigod Gladiator)          Turns: 13326, Time: 00:24:14

Health: -7/97      AC: 13    Str: 15    XL:     11   Next: 74%
Magic:  0/32       EV: 19    Int: 10    God:
Gold:   626        SH:  7    Dex: 27    Spells: 10/10 levels left

rFire   + . .        a - +1 scimitar (flame)
rCold   + . .        V - +0 buckler
rNeg    . . .        X - +0 acid dragon scales
rPois   .            c - +0 helmet
rElec   .            L - scarf {rC+ rF+}
rCorr   +            E - +2 pair of gloves
SInv    .            o - +0 pair of boots
Will    .....        s - amulet of guardian spirit
Stlth   ++           r - ring of magical power
HPRegen 0.36/turn    C - ring of magical power
MPRegen 0.23/turn

%: guardian spirit
@: about to teleport, weak-willed
A: high MP 1, forlorn, divine attributes
a: no special abilities


You were on level 12 of the Dungeon.
You visited 2 branches of the dungeon, and saw 13 of its levels.

You collected 626 gold pieces.

Inventory:

Hand Weapons
 a - a +1 scimitar of flaming (weapon)
 b - a +2 short sword of venom
Missiles
 d - 3 throwing nets
 e - a javelin
 j - 4 boomerangs (quivered)
 Q - a curare-tipped dart
Armour
 c - a +0 helmet (worn)
 o - a +0 pair of boots (worn)
 E - a +2 pair of gloves (worn)
 L - a scarf of resistance (worn)
 M - a +2 leather armour of cold resistance
 V - a +0 buckler (worn)
 X - +0 acid dragon scales (worn)
Jewellery
 r - a ring of magical power (left hand)
 s - an amulet of guardian spirit (around neck)
 u - a ring of poison resistance
 C - a ring of magical power (right hand)
 F - a +5 ring of evasion
 Y - a +4 ring of slaying
Wands
 x - a wand of mindburst (12)
 N - a wand of quicksilver (7)
 R - a wand of paralysis (13)
 S - a wand of flame (26)
 U - a wand of polymorph (7)
 Z - a wand of iceblast (5)
Scrolls
 h - a scroll of enchant weapon
 m - a scroll of poison
 n - a scroll of teleportation
 q - 3 scrolls of noise
 t - 2 scrolls of vulnerability
 y - 3 scrolls of enchant armour
 z - 2 scrolls of revelation
 A - 2 scrolls of butterflies {unknown}
 B - a scroll of amnesia {unknown}
 D - a scroll of brand weapon {unknown}
 I - 2 scrolls of fog {unknown}
 J - 3 scrolls of blinking {unknown}
 O - a scroll of acquirement {unknown}
 P - 3 scrolls of immolation {unknown}
Potions
 g - 4 potions of heal wounds {unknown}
 i - 3 potions of resistance {unknown}
 k - 2 potions of might {unknown}
 l - a potion of magic {unknown}
 p - a potion of ambrosia {unknown}
 v - 6 potions of curing
 w - 2 potions of mutation {unknown}
 G - 3 potions of lignification {unknown}
 H - 2 potions of haste
 K - a potion of enlightenment {unknown}
 T - a potion of brilliance {unknown}
 W - a potion of attraction {unknown}


   Skills:
 + Level 9.1 Fighting
 + Level 11.0 Long Blades
 - Level 1.7 Throwing
 - Level 5.0 Armour
 + Level 9.1 Dodging
 - Level 1.0 Stealth
 - Level 5.0 Shields
 - Level 3.0 Evocations


You had 10 spell levels left.
You didn't know any spells.
Your spell library contained the following spells:

 Spells                   Type           Power      Damage    Failure   Level
 Necrotise                Necr           0%         1d4       54%         1
 Shock                    Conj/Air       0%         1d3       54%         1
 Sublimation of Blood     Necr           0%         N/A       69%         2
 Call Canine Familiar     Summ           0%         N/A       89%         3
 Sigil of Binding         Hex            0%         N/A       89%         3
 Stone Arrow              Conj/Erth      0%         3d7       89%         3
 Swiftness                Air            0%         N/A       89%         3
 Vampiric Draining        Necr           0%         2d6       89%         3
 Airstrike                Air            0%         2d(0-16)  100%        4
 Dimensional Bullseye     Hex/Tloc       0%         N/A       100%        4
 Leda's Liquefaction      Hex/Erth       0%         N/A       100%        4
 Petrify                  Tmut/Erth      0%         N/A       100%        4
 Agony                    Necr           0%         N/A       100%        5
 Borgnjor's Vile Clutch   Necr/Erth      0%         N/A       100%        5
 Irradiate                Conj/Tmut      0%         3d11      100%        5
 Lehudib's Crystal Spear  Conj/Erth      0%         10d2      100%        8


Dungeon Overview and Level Annotations

Branches:
Dungeon (12/15)            Temple (1/1) D:5            Lair (0/5) D:9
    Orc (0/2) D:9


Innate Abilities, Weirdness & Mutations

You have an increased reservoir of magic. (+10% MP)
You shall have no god before yourself.
Your divine heritage dramatically boosts your attributes as you level up.


Message History

The phantasmal warrior closely misses you.
The skeletal warrior hits you but does no damage.
You hit the skeletal warrior but do no damage.
The skeletal warrior is heavily damaged.
A boulder beetle comes into view.
The phantasmal warrior hits you!!
Your willpower is stripped away!
Unknown command.
As you read the scroll of teleportation, it crumbles to dust.
You feel strangely unstable.
You block the skeletal warrior's attack.
You block the phantasmal warrior's attack.
Unknown command.
You closely miss the skeletal warrior.
The skeletal warrior is heavily damaged.
The skeletal warrior hits you with a +0 short sword!
You slash the skeletal warrior! You burn the skeletal warrior.
The skeletal warrior is severely damaged.
You block the phantasmal warrior's attack.
The boulder beetle curls into a ball and begins rolling!
The skeletal warrior barely misses you.
You closely miss the skeletal warrior.
The skeletal warrior is severely damaged.
The phantasmal warrior hits you!
* * * LOW HITPOINT WARNING * * *
The skeletal warrior hits you with a +0 short sword!!
* * * LOW HITPOINT WARNING * * *
Unknown command.
You feel better.
The phantasmal warrior barely misses you.
The skeletal warrior hits you with a +0 short sword.
* * * LOW HITPOINT WARNING * * *
Unknown command.
You feel better.
Your surroundings suddenly seem different.
Unknown command.
As you read the scroll of teleportation, it crumbles to dust.
You feel strangely unstable.
The war gargoyle launches metal splinters at you.
The spray of metal splinters hits you!!
You die...

#... #.W###
..... #.. ##.#
#9C.. .##...
#.##...## #e###
.+ ... ........#
#.# .#
.............W.#
.#
#...9...########
.# #.......# .#
#..e....# .#
#@......#
#.......#
#.......#
#########


You could see a war gargoyle (catching breath) and a deep elf pyromancer
(wandering).

Vanquished Creatures
  Snorg (D:11)
  Erolcha (D:11)
  Erica (D:10)
  A two-headed ogre (D:9)
  A boulder beetle (D:12)
  2 cyclopes (D:11)
  3 manticores (D:12)
  Maurice (D:9)
  Joseph (D:8)
  Jeremiah (D:8)
  A kobold demonologist (D:10)
  A komodo dragon (D:11)
  2 trolls
  Prince Ribbit (D:8)
  3 shadows
  2 wyverns
  2 vampires
  3 wraiths (D:11)
  Eustachio (D:6)
  4 yaks (D:12)
  6 vampire mosquitoes
  Grum (D:10)
  3 acid dragons (D:11)
  3 wargs (D:9)
  A water moccasin (D:7)
  4 orc warriors
  2 sky beasts
  A swamp drake (D:9)
  A black bear (D:6)
  3 wolves
  4 centaurs
  2 phantoms (D:6)
  3 kobold brigands
  9 bullfrogs
  A gnoll sergeant (D:8)
  A scorpion (D:6)
  5 wights (D:7)
  11 killer bees
  An electric eel (D:11)
  6 howler monkeys
  6 crimson imps (D:10)
  4 hounds
  5 jellies
  13 orc priests
  7 iguanas
  A sleepcap (D:6)
  14 orc wizards
  4 gnolls
  7 adders
  2 shadow imps
  7 white imps
  2 ufetubi (D:5)
  A dart slug (D:2)
  67 orcs
  10 endoplasms
  6 giant cockroaches
  3 hobgoblins
  4 jackals (D:1)
  6 quokkas
  5 ball pythons
  9 bats
  2 frilled lizards (D:2)
  2 goblins (D:3)
  20 kobolds
  7 rats
315 creatures vanquished.

Notes
Turn   | Place    | Note
-------+----------+-------------------------------------------
     0 | D:1      | browni3141 the Demigod Gladiator began the quest for the
                  | Orb.
     0 | D:1      | Reached XP level 1. HP: 17/17 MP: 3/3
    75 | D:1      | Reached skill level 1 in Stealth
   224 | D:1      | Reached skill level 3 in Long Blades
   317 | D:1      | Reached XP level 2. HP: 13/24 MP: 4/4
   674 | D:1      | Got the Codex of the Ground
   939 | D:2      | Reached XP level 3. HP: 29/29 MP: 5/5
  1065 | D:2      | Reached skill level 4 in Long Blades
  1627 | D:3      | Reached XP level 4. HP: 36/36 MP: 6/6
  2698 | D:4      | Reached skill level 1 in Armour
  2748 | D:4      | Identified the -2 pair of boots "Apeapp" {rC+}
  3282 | D:5      | Entered Level 5 of the Dungeon
  3288 | D:5      | Noticed a sky beast
  3327 | D:5      | Killed a sky beast
  3328 | D:5      | Reached XP level 5. HP: 18/42 MP: 7/7
  3525 | D:5      | Reached skill level 5 in Long Blades
  3528 | D:5      | Reached XP level 6. HP: 46/50 MP: 8/8
  3866 | D:5      | Found a staircase to the Ecumenical Temple.
  3886 | Temple   | Entered the Ecumenical Temple
  4220 | D:6      | Noticed Eustachio
  4248 | D:6      | Killed Eustachio
  4249 | D:6      | Reached XP level 7. HP: 54/57 MP: 9/9
  4291 | D:6      | Reached skill level 6 in Long Blades
  4507 | D:6      | Reached XP level 8. HP: 53/66 MP: 10/10
  4520 | D:6      | Reached skill level 7 in Long Blades
  4690 | D:6      | Reached skill level 5 in Dodging
  4706 | D:6      | Reached skill level 1 in Evocations
  5216 | D:6      | Reached skill level 5 in Fighting
  5376 | D:6      | Identified the +0 robe "Dutiuddy" {Str-3 Int+3 Stlth+}
  5912 | D:7      | Reached skill level 8 in Long Blades
  6376 | D:7      | Reached XP level 9. HP: 34/72 MP: 11/11
  8345 | D:8      | Reached skill level 5 in Armour
  8361 | D:8      | Noticed Joseph
  8489 | D:8      | Noticed Prince Ribbit
  8498 | D:8      | Killed Prince Ribbit
  8499 | D:8      | Reached skill level 1 in Shields
  8533 | D:8      | Noticed Jeremiah
  8784 | D:8      | Killed Jeremiah
  9129 | D:8      | Killed Joseph
  9197 | D:9      | Noticed Maurice
  9201 | D:9      | Reached skill level 9 in Long Blades
  9206 | D:9      | Reached XP level 10. HP: 82/84 MP: 13/13
  9216 | D:9      | Something stole a +2 short sword of venom
  9217 | D:9      | Something stole a javelin
  9218 | D:9      | Something stole 351 gold
  9261 | D:9      | Killed Maurice
  9348 | D:9      | Noticed a two-headed ogre
  9406 | D:9      | Found a staircase to the Lair.
 10033 | D:9      | Found a staircase to the Orcish Mines.
 10281 | D:9      | Killed a two-headed ogre
 10362 | D:10     | Entered Level 10 of the Dungeon
 10773 | D:10     | Noticed Grum
 10829 | D:10     | Killed Grum
 11276 | D:10     | Noticed Erica
 11293 | D:10     | Killed Erica
 11714 | D:11     | Noticed a cyclops
 11722 | D:11     | Killed a cyclops
 11723 | D:11     | Reached skill level 10 in Long Blades
 11723 | D:11     | Reached XP level 11. HP: 89/93 MP: 14/14
 11934 | D:11     | Noticed Snorg
 11943 | D:11     | Killed Snorg
 11991 | D:11     | Reached skill level 5 in Shields
 12081 | D:11     | Noticed Erolcha
 12093 | D:11     | Killed Erolcha
 13206 | D:12     | Noticed a boulder beetle
 13226 | D:12     | Noticed a deep elf pyromancer
 13228 | D:12     | Killed a boulder beetle
 13228 | D:12     | Noticed a phantasmal warrior
 13229 | D:12     | Reached skill level 11 in Long Blades
 13229 | D:12     | Noticed an ettin
 13230 | D:12     | Noticed a war gargoyle
 13300 | D:12     | Noticed a skeletal warrior
 13319 | D:12     | Noticed a boulder beetle
 13326 | D:12     | Killed from afar by a war gargoyle

Illustrated notes

Levels and vault maps discovered:
D:1:      minmay_arrival_open_corners, layout_loops_ring
D:2:      layout_basic, basic_altar, ebering_ecumenical_altar_sacrificial,
          minmay_tree_intersection, minmay_tromino_v7
D:3:      layout_loops_corners, nicolae_sif_muna_condensation,
          due_unseen_surprise
D:4:      layout_basic, moated_statue
D:5:      layout_rooms, nicolae_qazlal_beasts_of_the_sky,
          mainiacjoe_overflow_catwalk_spiral, minmay_temple_entry_trees,
          nrook_pool_corridor, dreamdust_princess_bridge, st_stairs_2,
          grunt_decor_fettered
D:6:      layout_layer_cave, good_gods_mini_temple, mainiacjoe_overflow_paths,
          kennysheep_flooded_box, minmay_joined_circles, uniq_eustachio
D:7:      layout_layer_cave
D:8:      layout_gridville, uniq_prince_ribbit1, uniq_jeremiah, uniq_joseph
D:9:      layout_roguey, erik_lair_orcish_takeover, erik_orc_1, uniq_maurice
D:10:     nicolae_cairo_tiling_large, layout_loops_ring,
          grunt_temple_overflow_champion_of_chaos,
          mainiacjoe_overflow_tiny_flanked, cheibrodos_ashenzari_chains,
          serial_rivers, chequers_serial_rivers_small_3,
          chequers_serial_rivers_marsh, chequers_serial_rivers_micro_b,
          chequers_serial_rivers_large_b, chequers_serial_rivers_small_3,
          minmay_nine_imps, uniq_grum, uniq_erica
D:11:     cheibrodos_helix_gallery, layout_stronghold,
          hangedman_abyss_or_decor_jellyfish_corner, uniq_erolcha, uniq_snorg
D:12:     minmay_glassy_protrusions, layout_basic
Temple:   compressed_dpeg_circular_temple

Skill      XL: |  1  2  3  4  5  6  7  8  9 10 11 |
---------------+----------------------------------+-----
Stealth        | 1 |  1.0
Long Blades    | 3 4 5 6 8 9 10 11 | 11.0
Fighting       | 2 3 4 5 6 7 9 |  9.1
Dodging        | 3 4 5 6 7 9 |  9.1
Armour         | 1 2 3 5 |  5.0
Evocations     | 3 |  3.0
Shields        | 2 4 5 |  5.0
Throwing       | |  1.7

Action                     |  1- 3 |  4- 6 |  7- 9 | 10-12 || total
---------------------------+-------+-------+-------+-------++-------
  Melee: Long sword        |   123 |   157 |   281 |       ||   561
         Short sword       |     5 |    15 |    63 |     5 ||    88
         Punch             |       |     3 |    11 |       ||    14
         Scimitar          |       |       |   127 |   441 ||   568
  Throw: Boomerang         |     3 |     7 |    33 |    19 ||    62
  Evoke: Wand              |       |       |     3 |     3 ||     6
    Use: Scroll            |       |     5 |     5 |     5 ||    15
         Potion            |       |       |       |     3 ||     3
   Stab: Sleeping          |     1 |       |     1 |     5 ||     7
         Distracted        |       |     1 |       |       ||     1
         Confused          |       |       |       |     3 ||     3
         Paralysed         |       |       |       |     4 ||     4
 Armour: Leather armour    |    30 |       |   279 |   116 ||   425
         Chain mail        |    50 |    64 |       |       ||   114
         Ring mail         |       |    68 |       |       ||    68
         Skin              |       |       |       |     1 ||     1
         Acid dragon scale |       |       |       |    78 ||    78
  Dodge: Dodged            |    77 |   140 |   392 |   347 ||   956
  Block: Buckler           |       |       |    12 |   147 ||   159

Table legend: (Time is in decaauts)
 A = Elapsed time spent in this place.
 B = Non-inter-level travel time spent in this place.
 C = Inter-level travel time spent in this place.
 D = Time resting spent in this place.
 E = Time spent auto-exploring this place.
 F = Levels seen in this place.
 G = Mean time per level.
                   A        B        C        D        E       F      G
               +--------+--------+--------+--------+--------+-----+--------+
         Total |  13382 |  13021 |    361 |    497 |   9664 |  13 | 1029.4 |
       Dungeon |  13378 |  13017 |    361 |    497 |   9664 |  12 | 1114.8 |
        Temple |      4 |      4 |      0 |      0 |      0 |   1 |    4.0 |
               +--------+--------+--------+--------+--------+-----+--------+

Top non-repeatable levels by time:
     D:8: 1726 daAuts
     D:7: 1681 daAuts
     D:6: 1534 daAuts
    D:10: 1216 daAuts
     D:9: 1187 daAuts
    D:11: 1112 daAuts
     D:3: 1018 daAuts
     D:5: 911 daAuts
     D:1: 886 daAuts
     D:2: 759 daAuts
     D:4: 685 daAuts
    D:12: 658 daAuts
  Temple: 4 daAuts
